General information
- name: BNet
- type: Ladder team game (AT/RT)
- host: Battle.net
- saver: teelo
map: Slalom
- players: 8
- length: 40:37
- speed: Fast
- version: 1.26 W3XP
- replay type: Public
» download(344 KB)
Players
team 1 (winner)
The.Dude (
yellow | 190 APM | 7717 actions | 40:35)
7 Blademaster
3 Wind Walk
3 Critical Strike
1 Bladestorm
6 Shadow Hunter
2 Hex
3 Healing Wave
1 Big Bad Voodoo
» actions
| Assign group hotkey | 78 | |
| Basic commands | 4 | |
| Build / train | 105 | |
| Enter build submenu | 23 | |
| Enter hero's abilities submenu | 13 | |
| Give item / drop item | 6 | |
| Remove unit from queue | 5 | |
| Right click | 3061 | |
| Select / deselect | 930 | |
| Select group hotkey | 3327 | |
| Use ability | 164 | |
7717 total
» units
| Peon | 14 | |
| Wind Rider | 15 | |
| Shaman | 8 | |
| Troll Batrider | 9 | |
| Raider | 2 | |
48 total
» upgrades
| Shaman Training | 2 | |
| Envenomed Spears | 1 | |
| Reinforced Defenses | 1 | |
| Ranged Weapons | 2 | |
| Armor | 3 | |
| Pillage | 1 | |
10 total
» buildings
| Altar of Storms | 1 | |
| Orc Burrow | 9 | |
| Voodoo Lounge | 1 | |
| Stronghold | 2 | |
| War Mill | 1 | |
| Beastiary | 2 | |
| Spirit Lodge | 1 | |
| Fortress | 1 | |
| Watch Tower | 2 | |
| Great Hall | 2 | |
22 total
» build order
00:03 Altar of Storms
00:19 Orc Burrow
00:48 Voodoo Lounge
02:07 Stronghold
02:21 Orc Burrow
02:33 War Mill
04:31 Beastiary
04:33 Spirit Lodge
04:44 Fortress
05:14 Beastiary
05:46 Orc Burrow
07:20 Orc Burrow
10:08 Orc Burrow
10:12 Watch Tower
10:51 Orc Burrow
11:36 Orc Burrow
11:40 Orc Burrow
24:01 Watch Tower
30:22 Great Hall
37:37 Great Hall
39:56 Orc Burrow
» items
| Healing Salve | 2 | |
| Circlet of Nobility | 1 | |
| Boots of Speed | 1 | |
| Staff of Teleportation | 1 | |
| Tiny Great Hall | 1 | |
| Orb of Lightning | 1 | |
| Scroll of Protection | 2 | |
| Scroll of Healing | 2 | |
| Potion of Lesser Invulnerability | 2 | |
13 total

»
teelo (
purple | 64 APM | 2603 actions | 40:37)
10 Death Knight
3 Death Coil
3 Unholy Aura
1 Animate Dead
3 Death Pact
» actions
| Assign group hotkey | 350 | |
| Basic commands | 159 | |
| Build / train | 78 | |
| ESC pressed | 4 | |
| Enter build submenu | 39 | |
| Enter hero's abilities submenu | 11 | |
| Give item / drop item | 3 | |
| Right click | 910 | |
| Select / deselect | 200 | |
| Select group hotkey | 709 | |
| Use ability | 140 | |
2603 total
» units
| Acolyte | 17 | |
| Ghoul | 5 | |
| Frost Wyrm | 21 | |
43 total
» upgrades
| Creature Attack | 3 | |
| Creature Carapace | 3 | |
| Freezing Breath | 1 | |
7 total
» buildings
| Ziggurat | 24 | |
| Crypt | 1 | |
| Altar of Darkness | 1 | |
| Graveyard | 1 | |
| Halls of the Dead | 1 | |
| Necropolis | 5 | |
| Black Citadel | 1 | |
| Sacrificial Pit | 1 | |
| Boneyard | 3 | |
| Spirit Tower | 4 | |
42 total
» build order
00:05 Ziggurat
00:08 Crypt
00:35 Altar of Darkness
02:13 Graveyard
02:18 Halls of the Dead
03:07 Ziggurat
03:17 Ziggurat
03:18 Ziggurat
03:24 Necropolis
04:47 Black Citadel
04:50 Sacrificial Pit
07:38 Boneyard
07:39 Boneyard
07:40 Boneyard
10:35 Ziggurat
10:36 Ziggurat
10:36 Ziggurat
10:36 Ziggurat
11:40 Spirit Tower
11:42 Ziggurat
12:37 Spirit Tower
13:43 Spirit Tower
15:21 Ziggurat
15:24 Ziggurat
18:12 Necropolis
18:17 Necropolis
20:11 Ziggurat
22:16 Necropolis
24:05 Ziggurat
24:05 Ziggurat
24:06 Ziggurat
26:55 Spirit Tower
28:40 Ziggurat
30:58 Ziggurat
33:53 Necropolis
36:59 Ziggurat
37:00 Ziggurat
37:01 Ziggurat
37:01 Ziggurat
37:02 Ziggurat
38:19 Ziggurat
39:43 Ziggurat
» items
| Healing Salve | 1 | |
| Lesser Clarity Potion | 2 | |
| Potion of Mana | 2 | |
| Potion of Healing | 2 | |
| Scroll of Healing | 2 | |
| Tiny Great Hall | 1 | |
10 total
Eletro_Psy (
blue | 75 APM | 3059 actions | 40:35)
6 Death Knight
3 Death Coil
2 Unholy Aura
1 Animate Dead
4 Lich
2 Frost Nova
2 Frost Armor
» actions
| Assign group hotkey | 53 | |
| Basic commands | 25 | |
| Build / train | 116 | |
| Enter build submenu | 32 | |
| Enter hero's abilities submenu | 10 | |
| Right click | 1456 | |
| Select / deselect | 339 | |
| Select group hotkey | 896 | |
| Use ability | 132 | |
3059 total
» units
| Acolyte | 6 | |
| Ghoul | 2 | |
| Crypt Fiend | 4 | |
| Gargoyle | 26 | |
| Frost Wyrm | 14 | |
52 total
» upgrades
| Creature Carapace | 2 | |
| Creature Attack | 2 | |
4 total
» buildings
| Altar of Darkness | 1 | |
| Crypt | 2 | |
| Ziggurat | 11 | |
| Graveyard | 1 | |
| Tomb of Relics | 1 | |
| Halls of the Dead | 1 | |
| Necropolis | 3 | |
| Black Citadel | 4 | |
| Sacrificial Pit | 1 | |
| Spirit Tower | 4 | |
| Boneyard | 2 | |
| Nerubian Tower | 1 | |
32 total
» build order
00:14 Altar of Darkness
00:20 Crypt
00:40 Ziggurat
01:04 Graveyard
01:43 Ziggurat
01:49 Ziggurat
01:58 Tomb of Relics
03:48 Halls of the Dead
05:31 Necropolis
06:27 Ziggurat
06:30 Black Citadel
06:30 Black Citadel
06:30 Black Citadel
06:31 Black Citadel
07:57 Ziggurat
08:22 Ziggurat
08:24 Ziggurat
09:23 Sacrificial Pit
10:00 Spirit Tower
10:02 Ziggurat
10:12 Ziggurat
10:43 Boneyard
11:41 Boneyard
18:29 Crypt
18:34 Nerubian Tower
18:44 Ziggurat
19:44 Ziggurat
28:27 Spirit Tower
28:28 Spirit Tower
28:28 Spirit Tower
35:19 Necropolis
37:19 Necropolis
» items
| Rod of Necromancy | 2 | |
| Healing Salve | 1 | |
| Lesser Clarity Potion | 1 | |
| Scroll of Speed | 1 | |
| Scroll of Healing | 2 | |
| Potion of Mana | 2 | |
| Scroll of Town Portal | 2 | |
| Scroll of Protection | 1 | |
12 total
charmander_pwns (
orange | 29 APM | 1180 actions | 40:34)
4 Blademaster
1 Wind Walk
2 Mirror Image
1 Critical Strike
3 Shadow Hunter
2 Healing Wave
1 Hex
» actions
| Assign group hotkey | 23 | |
| Basic commands | 213 | |
| Build / train | 90 | |
| ESC pressed | 15 | |
| Enter build submenu | 33 | |
| Enter hero's abilities submenu | 7 | |
| Right click | 56 | |
| Select / deselect | 326 | |
| Select group hotkey | 332 | |
| Use ability | 85 | |
1180 total
» units
| Peon | 29 | |
| Shaman | 15 | |
| Tauren | 5 | |
| Frost Revenant | 1 | |
| Wind Rider | 4 | |
| Raider | 6 | |
60 total
» upgrades
| Armor | 2 | |
| Shaman Training | 2 | |
| Melee Weapons | 3 | |
| Pulverize | 1 | |
| Ranged Weapons | 2 | |
| Envenomed Spears | 1 | |
| Reinforced Defenses | 1 | |
| Ensnare | 1 | |
13 total
» buildings
| Altar of Storms | 1 | |
| Orc Burrow | 10 | |
| Voodoo Lounge | 2 | |
| Stronghold | 1 | |
| War Mill | 1 | |
| Fortress | 1 | |
| Spirit Lodge | 1 | |
| Tauren Totem | 2 | |
| Great Hall | 1 | |
| Watch Tower | 10 | |
| Beastiary | 2 | |
32 total
» build order
00:04 Altar of Storms
00:07 Orc Burrow
00:54 Voodoo Lounge
02:00 Orc Burrow
02:34 Stronghold
02:52 War Mill
03:06 Orc Burrow
03:25 Orc Burrow
05:08 Fortress
05:14 Spirit Lodge
06:14 Orc Burrow
08:06 Tauren Totem
09:33 Tauren Totem
10:45 Great Hall
11:33 Watch Tower
12:40 Watch Tower
13:44 Watch Tower
14:52 Voodoo Lounge
15:56 Orc Burrow
15:58 Orc Burrow
16:00 Orc Burrow
17:29 Watch Tower
17:35 Beastiary
17:38 Beastiary
18:34 Watch Tower
19:29 Watch Tower
19:38 Watch Tower
23:21 Watch Tower
24:29 Watch Tower
24:33 Watch Tower
35:42 Orc Burrow
36:35 Orc Burrow
» items
| Healing Salve | 2 | |
| Lesser Clarity Potion | 1 | |
| Orb of Lightning | 1 | |
| Scroll of Town Portal | 2 | |
6 total
team 2 (loser)

»
wc16 (
pink | 42 APM | 1712 actions | 40:35)
7 Mountain King
3 Storm Bolt
3 Bash
1 Avatar
6 Paladin
3 Holy Light
1 Divine Shield
1 Devotion Aura
1 Resurrection
3 Archmage
2 Blizzard
1 Brilliance Aura
» actions
| Basic commands | 97 | |
| Build / train | 122 | |
| Enter build submenu | 36 | |
| Enter hero's abilities submenu | 16 | |
| Give item / drop item | 3 | |
| Remove unit from queue | 1 | |
| Right click | 625 | |
| Select / deselect | 707 | |
| Use ability | 105 | |
1712 total
» units
| Peasant | 20 | |
| Rifleman | 6 | |
| Flying Machine | 36 | |
| Siege Engine | 7 | |
69 total
» upgrades
| Gunpowder | 3 | |
| Masonry | 1 | |
| Plating | 2 | |
| Lumber Harvesting | 1 | |
| Flak Cannons | 1 | |
| Flying Machine Bombs | 1 | |
| Barrage | 1 | |
10 total
» buildings
| Altar of Kings | 1 | |
| Farm | 12 | |
| Blacksmith | 1 | |
| Barracks | 1 | |
| Lumber Mill | 1 | |
| Scout Tower | 11 | |
| Arcane Tower | 2 | |
| Guard Tower | 9 | |
| Keep | 1 | |
| Arcane Vault | 1 | |
| Workshop | 3 | |
| Town Hall | 2 | |
| Castle | 1 | |
46 total
» build order
00:10 Altar of Kings
00:15 Farm
01:16 Blacksmith
01:19 Barracks
01:32 Farm
01:52 Lumber Mill
01:59 Scout Tower
02:08 Farm
02:40 Farm
03:05 Arcane Tower
03:11 Scout Tower
03:44 Guard Tower
04:03 Scout Tower
04:37 Guard Tower
05:29 Keep
05:33 Arcane Vault
06:16 Farm
06:59 Scout Tower
08:11 Guard Tower
08:17 Workshop
08:21 Workshop
09:37 Town Hall
09:54 Castle
09:57 Scout Tower
10:11 Scout Tower
10:29 Scout Tower
10:30 Guard Tower
10:39 Guard Tower
10:42 Scout Tower
11:11 Arcane Tower
11:15 Guard Tower
12:02 Scout Tower
12:05 Scout Tower
12:31 Guard Tower
12:43 Guard Tower
14:56 Scout Tower
15:25 Guard Tower
15:28 Farm
19:18 Farm
19:54 Workshop
20:24 Farm
24:03 Farm
27:05 Town Hall
28:30 Farm
36:16 Farm
36:37 Farm
» items
| Scroll of Regeneration | 3 | |
| Lesser Clarity Potion | 3 | |
| Scroll of Town Portal | 2 | |
| Potion of Healing | 1 | |
| Orb of Fire | 1 | |
10 total
123.321 (
red | 99 APM | 4025 actions | 40:35)
7 Mountain King
3 Storm Bolt
3 Bash
1 Avatar
6 Paladin
3 Holy Light
2 Divine Shield
1 Resurrection
» actions
| Assign group hotkey | 93 | |
| Basic commands | 114 | |
| Build / train | 147 | |
| Enter build submenu | 34 | |
| Enter hero's abilities submenu | 14 | |
| Give item / drop item | 3 | |
| Right click | 1720 | |
| Select / deselect | 565 | |
| Select group hotkey | 1173 | |
| Use ability | 162 | |
4025 total
» units
| Peasant | 22 | |
| Rifleman | 34 | |
| Spell Breaker | 15 | |
71 total
» upgrades
| Gunpowder | 3 | |
| Masonry | 2 | |
| Armor | 3 | |
| Lumber Harvesting | 1 | |
| Long Rifles | 1 | |
| Control Magic | 1 | |
11 total
» buildings
| Lumber Mill | 1 | |
| Farm | 9 | |
| Altar of Kings | 1 | |
| Blacksmith | 1 | |
| Barracks | 1 | |
| Scout Tower | 20 | |
| Arcane Tower | 4 | |
| Arcane Vault | 1 | |
| Town Hall | 3 | |
| Guard Tower | 5 | |
| Keep | 2 | |
| Arcane Sanctum | 4 | |
| Castle | 4 | |
56 total
» build order
00:07 Lumber Mill
00:49 Farm
01:06 Altar of Kings
01:13 Farm
01:21 Blacksmith
01:30 Barracks
01:47 Farm
02:11 Scout Tower
02:27 Farm
03:04 Arcane Tower
03:05 Arcane Tower
04:31 Arcane Vault
04:54 Town Hall
05:02 Scout Tower
05:04 Scout Tower
05:52 Guard Tower
05:53 Arcane Tower
05:53 Arcane Tower
06:03 Scout Tower
06:08 Scout Tower
06:41 Guard Tower
06:41 Guard Tower
08:01 Keep
08:16 Scout Tower
08:19 Scout Tower
09:10 Guard Tower
09:10 Guard Tower
10:30 Arcane Sanctum
10:31 Arcane Sanctum
10:34 Farm
10:37 Arcane Sanctum
10:39 Arcane Sanctum
10:44 Farm
11:40 Farm
12:29 Farm
12:31 Farm
13:36 Castle
13:37 Castle
13:37 Castle
13:37 Castle
19:50 Town Hall
19:52 Scout Tower
19:53 Scout Tower
19:53 Scout Tower
19:54 Scout Tower
19:54 Scout Tower
19:55 Scout Tower
19:55 Scout Tower
19:56 Scout Tower
31:16 Town Hall
35:39 Scout Tower
36:33 Scout Tower
36:59 Scout Tower
38:13 Scout Tower
38:39 Scout Tower
» items
| Boots of Speed | 1 | |
| Dust of Appearance | 1 | |
| Scroll of Regeneration | 3 | |
| Scroll of Town Portal | 7 | |
| Scroll of Healing | 1 | |
| Potion of Healing | 1 | |
| Orb of Fire | 1 | |
| Lesser Clarity Potion | 4 | |
19 total

»
talda (
green | 58 APM | 2360 actions | 40:35)
7 Death Knight
3 Death Coil
3 Unholy Aura
1 Animate Dead
» actions
| Assign group hotkey | 22 | |
| Basic commands | 29 | |
| Build / train | 53 | |
| Enter build submenu | 21 | |
| Enter hero's abilities submenu | 7 | |
| Remove unit from queue | 5 | |
| Right click | 1711 | |
| Select / deselect | 342 | |
| Select group hotkey | 127 | |
| Use ability | 43 | |
2360 total
» units
| Acolyte | 7 | |
| Ghoul | 4 | |
| Crypt Fiend | 12 | |
| Frost Wyrm | 4 | |
| Gargoyle | 4 | |
31 total
» upgrades
| Creature Attack | 3 | |
| Creature Carapace | 1 | |
| Web | 1 | |
| Burrow | 0 | |
| Freezing Breath | 1 | |
6 total
» buildings
| Graveyard | 1 | |
| Crypt | 2 | |
| Altar of Darkness | 1 | |
| Ziggurat | 7 | |
| Tomb of Relics | 1 | |
| Nerubian Tower | 1 | |
| Spirit Tower | 1 | |
| Halls of the Dead | 1 | |
| Black Citadel | 1 | |
| Sacrificial Pit | 1 | |
| Boneyard | 2 | |
19 total
» build order
00:10 Graveyard
00:12 Crypt
00:46 Altar of Darkness
01:02 Ziggurat
01:30 Tomb of Relics
01:57 Ziggurat
02:30 Nerubian Tower
03:52 Spirit Tower
05:02 Halls of the Dead
05:50 Ziggurat
05:53 Ziggurat
07:28 Black Citadel
07:33 Sacrificial Pit
09:50 Boneyard
10:37 Boneyard
12:01 Ziggurat
12:05 Ziggurat
15:29 Ziggurat
22:59 Crypt
» items

»
adidas4 (
teal | 43 APM | 1757 actions | 40:35)
5 Mountain King
2 Thunder Clap
3 Storm Bolt
4 Paladin
2 Holy Light
2 Devotion Aura
» actions
| Assign group hotkey | 21 | |
| Basic commands | 30 | |
| Build / train | 75 | |
| Enter build submenu | 40 | |
| Enter hero's abilities submenu | 10 | |
| Remove unit from queue | 4 | |
| Right click | 1005 | |
| Select / deselect | 449 | |
| Select group hotkey | 41 | |
| Use ability | 80 | |
1757 total
» units
| Peasant | 16 | |
| Footman | 4 | |
| Knight | 19 | |
39 total
» upgrades
| Swords | 3 | |
| Plating | 3 | |
| Animal War Training | 1 | |
| Masonry | 3 | |
10 total
» buildings
| Altar of Kings | 1 | |
| Farm | 15 | |
| Barracks | 2 | |
| Scout Tower | 9 | |
| Arcane Vault | 2 | |
| Keep | 1 | |
| Arcane Tower | 1 | |
| Lumber Mill | 1 | |
| Guard Tower | 7 | |
| Castle | 1 | |
| Blacksmith | 1 | |
| Town Hall | 2 | |
43 total
» build order
00:08 Altar of Kings
00:10 Farm
00:42 Barracks
00:58 Farm
01:55 Farm
02:37 Scout Tower
02:45 Farm
03:02 Arcane Vault
03:26 Keep
03:50 Arcane Tower
04:41 Scout Tower
04:44 Lumber Mill
05:31 Arcane Vault
05:51 Guard Tower
05:52 Castle
06:47 Barracks
06:51 Blacksmith
08:37 Town Hall
09:14 Farm
09:24 Farm
10:07 Farm
10:10 Farm
10:50 Scout Tower
11:40 Guard Tower
12:45 Farm
13:24 Scout Tower
14:02 Farm
14:06 Scout Tower
15:22 Guard Tower
15:24 Scout Tower
15:55 Guard Tower
17:36 Scout Tower
18:33 Farm
18:42 Scout Tower
19:48 Farm
22:49 Guard Tower
23:04 Guard Tower
23:58 Scout Tower
24:41 Guard Tower
28:24 Town Hall
33:57 Farm
34:29 Farm
36:04 Farm
» items
Chat log
(00:08 / Allies) The.Dude: wyv sham
(00:11 / Allies) teelo: frost
(00:48 / Allies) charmander_pwns: plan?
(00:53 / Allies) The.Dude: cc
(00:54 / Allies) Eletro_Psy: win
(00:55 / Allies) teelo: make units, kill enemy?
(01:06 / Allies) charmander_pwns: fuck you smart asses
(01:15 / Allies) teelo: its slalom map
(01:15 / Allies) The.Dude: well
(01:18 / Allies) The.Dude: we aren't rushing
(01:19 / Allies) teelo: there is only ever one plan to this map
(01:20 / Allies) The.Dude: that is for sure
(01:30 / Allies) teelo: you cant rush this map
(01:33 / Allies) teelo: you cant even t2 rush it
(01:45 / Allies) teelo: anywho
(01:50 / Allies) teelo: creep together and get expansions up fast
(04:05 / Allies) Eletro_Psy: ty
(05:51 / Allies) Eletro_Psy: to hea
(06:29 / Allies) charmander_pwns: lumber quick please
(06:47 / Allies) charmander_pwns: thx
(07:44 / Allies) charmander_pwns: thats mine
(08:07 / Allies) The.Dude: i got it sorry :(
(08:12 / Allies) charmander_pwns: nah
(08:19 / Allies) The.Dude: i'm ready
(08:20 / Allies) The.Dude: to make
(08:21 / Allies) charmander_pwns: just said i did
(08:31 / Allies) teelo: shut up orange take the next one
(08:37 / Allies) charmander_pwns: fucking noobs
(10:57 / Allies) Eletro_Psy: wood plz
(13:00 / Allies) Eletro_Psy: coopos
(13:26 / Allies) Eletro_Psy: yello bats?
(13:33 / Allies) charmander_pwns: these are noobs
(13:39 / Allies) teelo: lol wtf was that\
(14:01 / Allies) teelo: can you throw a shop up here
(14:07 / Allies) charmander_pwns: yeah
(15:13 / Allies) teelo: lawl
(15:14 / Allies) teelo: we win
(15:22 / Allies) charmander_pwns: lets hit their expos
(16:18 / Allies) The.Dude: tauren
(17:55 / Allies) charmander_pwns: getting air
(19:10 / Allies) teelo: come all
(19:12 / Allies) teelo: they're about to bhit
(19:14 / Allies) Eletro_Psy: BBB
(19:23 / Allies) Eletro_Psy: BB
(19:31 / Allies) Eletro_Psy: CANCEL
(20:34 / Allies) Eletro_Psy: GO??
(20:35 / Allies) The.Dude: no fort towers?
(20:38 / Allies) charmander_pwns: tp
(20:43 / Allies) teelo: tping
(20:50 / All) 123.321: bitch
(20:52 / All) 123.321: mh more fucker
(23:38 / Allies) The.Dude: buy scrolls
(23:39 / Allies) teelo: move orange
(23:41 / Allies) teelo: trying to drop a hall here
(23:52 / Allies) The.Dude: ok gp
(24:45 / Allies) Eletro_Psy: BB
(25:15 / Allies) charmander_pwns: we lose
(25:28 / Allies) Eletro_Psy: BB
(28:45 / Allies) charmander_pwns: gg for us
(28:48 / Allies) teelo: yup
(30:09 / Allies) charmander_pwns: blue fight
(30:26 / Allies) charmander_pwns: back
(30:29 / Allies) The.Dude: don't
(30:30 / Allies) Eletro_Psy: KILL TANLKS
(30:32 / Allies) The.Dude: fight in open
(30:36 / Allies) The.Dude: make them fight at a base
(31:36 / Allies) charmander_pwns: everyone meet at blue
(31:40 / Allies) teelo: i dont have a tp
(31:41 / Allies) teelo: no gold
(32:40 / Allies) Eletro_Psy: ALL?
(32:49 / Allies) charmander_pwns: yellow.. come over here
(32:50 / Allies) teelo: I cant. No gold and no shop nearby to get a tp
(32:50 / Allies) charmander_pwns: purp come
(32:53 / Allies) teelo: and i cant kill their shit anyway
(33:01 / Allies) charmander_pwns: blue lets go kill their base
(33:45 / Allies) charmander_pwns: come on blue
(34:11 / Allies) charmander_pwns: give me 50 gold please
(34:13 / Allies) teelo: hall them
(34:15 / Allies) teelo: before they can tp
(34:21 / Allies) charmander_pwns: hall yellow
(35:20 / Allies) charmander_pwns: 100 gold guys
(36:11 / Allies) teelo: should we engage or keep killing their base
(36:18 / Allies) The.Dude: base killing
(36:20 / Allies) charmander_pwns: keep killing
(36:26 / Allies) charmander_pwns: maybe we get lucky
(36:36 / Allies) Eletro_Psy: 100 GOLD
(36:37 / Allies) Eletro_Psy: PLZ
(36:45 / Allies) Eletro_Psy: TY
(36:45 / Allies) teelo: lol
(36:48 / Allies) teelo: cant make acols for it
(36:51 / Allies) Eletro_Psy: 50
(36:52 / Allies) teelo: cause no food
(36:52 / Allies) Eletro_Psy: ?
(36:53 / Allies) teelo: :(
(37:18 / Allies) teelo: yeah
(37:22 / Allies) teelo: they're gonna play hide and seek
(37:49 / Allies) teelo: blue attack it
(38:27 / Allies) teelo: ATTACK WITH THE ACOLYTE
(38:38 / Allies) charmander_pwns: race to the finish
(38:43 / Allies) teelo: yup
(39:24 / Allies) Eletro_Psy: HAHA WIN
(39:28 / Allies) The.Dude: get that farm
(39:36 / All) charmander_pwns: lol.. noobs